 Dungeon Crawl Stone Soup version 0.20.1-1-g8b1a95d (webtiles) character file.

1315 letownia2 the Magician (level 8, 0/44 HPs)
             Began as a Gargoyle Wizard on Jan 2, 2018.
             Was an Initiate of Gozag.
             Slain by a worker ant (3 damage)
             ... on level 6 of the Dungeon.
             The game lasted 00:12:13 (5160 turns).

letownia2 the Magician (Gargoyle Wizard)            Turns: 5160, Time: 00:12:14

Health: 0/44       AC:  9    Str: 18    XL:     8   Next: 58%
Magic:  11/18      EV: 11    Int: 20    God:    Gozag
Gold:   663        SH:  0    Dex:  8    Spells: 12/21 levels left

rFire    . . .     SeeInvis .   a - +1 flail (protect)
rCold    . . .     Gourm    .   (no shield)
rNeg     + . .     Faith    .   H - +0 leather armour "Kazerimn" {Str+6}
rPois    ∞         Spirit   .   B - +0 hat
rElec    +         Reflect  .   R - scarf {cloud immunity}
rCorr    +         Harm     +   C - +0 pair of gloves
MR       .....                  (no boots)
Stlth    +.........             n - amulet of harm
Regen    0.2/turn               y - ring of resist corrosion
MPRegen  0.2/turn               (no ring)

@: gold aura
A: negative energy resistance 1, electricity resistance, unbreathing,
petrification resistance, rot immunity, AC +5
a: Potion Petition, Call Merchant, Bribe Branch, Renounce Religion


You were on level 6 of the Dungeon.
You worshipped Gozag.
Gozag was pleased with you.
You were not hungry.

You visited 2 branches of the dungeon, and saw 7 of its levels.

You collected 739 gold pieces.
You paid 76 gold pieces to Gozag.

Inventory:

Hand Weapons
 a - a +1 flail of protection (weapon)
 b - a +1 falchion of holy wrath
 J - a +0 shortbow
 X - a cursed -3 dagger
Missiles
 o - 8 exploding tomahawks (quivered)
 p - 61 bolts
 Z - 47 arrows
Armour
 z - a +0 ring mail
 B - a +0 hat (worn)
 C - a +0 pair of gloves (worn)
 H - the +0 leather armour "Kazerimn" (worn) {Str+6}
   (You found it on level 5 of the Dungeon)

   It affects your strength (+6).
 R - a scarf of cloud immunity (worn)
 S - a +0 scale mail
 T - a scarf of spirit shield
Jewellery
 k - an uncursed ring of fire
 n - an amulet of harm (around neck)
 y - a ring of resist corrosion (left hand)
Wands
 q - a wand of clouds (4/9)
 u - a wand of disintegration (13/24)
 v - a wand of flame (34/48)
 w - a wand of random effects (20/48)
 I - a wand of paralysis (16/24)
 L - a wand of digging (11/24)
 Y - a wand of digging (15/24)
Scrolls
 e - a scroll of recharging {unknown}
 f - 2 scrolls of noise {unknown}
 h - a scroll of magic mapping {unknown}
 l - 5 scrolls of identify {unknown}
 r - 6 scrolls of remove curse
 x - 4 scrolls of enchant armour {unknown}
 A - a scroll of blinking {unknown}
 D - 2 scrolls of immolation {unknown}
 M - a scroll of fog {unknown}
 N - a scroll of fear {unknown}
 U - a scroll of enchant weapon {unknown}
 V - a scroll of teleportation {unknown}
 W - a scroll of amnesia {unknown}
Potions
 g - a potion of berserk rage {unknown}
 i - 2 potions of lignification {unknown}
 m - 2 potions of agility {unknown}
 s - 3 potions of cancellation {unknown}
 t - 2 potions of brilliance {unknown}
 E - 3 potions of curing {unknown}
 F - 3 potions of heal wounds {unknown}
 G - 2 potions of magic {unknown}
 K - 2 potions of haste {unknown}
 O - 2 potions of might {unknown}
 P - a potion of flight {unknown}
 Q - a potion of degeneration {unknown}
Books
 c - a book of Minor Magic

   Spells                             Type                      Level
   a - Magic Dart                     Conjuration                  1
   b - Blink                          Translocation                2
   c - Call Imp                       Summoning                    2
   d - Slow                           Hexes                        2
   e - Conjure Flame                  Conjuration/Fire             3
   f - Mephitic Cloud                 Conjuration/Poison/Air       3
Comestibles
 d - 6 bread rations
 j - 4 fruits


   Skills:
 - Level 2.1 Fighting
 - Level 1.5 Dodging
 - Level 2.1 Stealth
 + Level 7.1 Spellcasting
 - Level 4.2 Conjurations
   Level 0.8 Summonings
 - Level 1.4 Translocations
 - Level 2.5 Fire Magic
 - Level 2.2 Air Magic
 - Level 2.8 Poison Magic
 + Level 1.0 Evocations


You had 12 spell levels left.
You knew the following spells:

 Your Spells              Type           Power        Failure   Level  Hunger
a - Magic Dart            Conj           ###.         1%          1    None
b - Blink                 Tloc           N/A          10%         2    None
c - Conjure Flame         Conj/Fire      ###.....     9%          3    #......
e - Mephitic Cloud        Conj/Pois/Air  ###.....     9%          3    #......


Dungeon Overview and Level Annotations

Branches:
Dungeon (6/15)             Temple (1/1) D:5

Altars:
Ashenzari
Cheibriados
Elyvilon
Fedhas
Gozag
Hepliaklqana
Makhleb
Nemelex Xobeh
Okawaru
Qazlal
Trog
Vehumet
Xom
Yredelemnul
The Shining One


Innate Abilities, Weirdness & Mutations

You are resistant to torment.
Your stone body is resilient. (AC +5)
You are immune to poison.
You resist negative energy. (rN+)
You are resistant to electric shocks. (rElec)
You can survive without breathing.
You are immune to petrification.
You are immune to rotting.


Message History

Casting: Magic Dart
Confirm with . or Enter, or press ? or * to list all spells.
Aiming: Magic Dart
Press: ? - help, Shift-Dir - straight line, f/p - ogre
Aim: an ogre, wielding a giant club (almost dead)
The magic dart hits the ogre.
The ogre is almost dead.
The ogre hits you with a giant club!
* * * LOW HITPOINT WARNING * * *
Casting: Magic Dart
Confirm with . or Enter, or press ? or * to list all spells.
Aiming: Magic Dart
Press: ? - help, Shift-Dir - straight line, f/p - ogre
Aim: an ogre, wielding a giant club (almost dead)
The magic dart hits the ogre.
You kill the ogre!
Your Evocations skill increases to level 1!
The worker ant bites you.
You die...
Your body crumbles into a pile of gold.

........#.........##..##.##
#..#.
#########.........##..##..#
#..#. #........[##..###.#
#..#. ########.###..#
#.###..#. #######.# #..#
#..##..#. ###.......#
#..####.##..#. ......$...#
#...........##
###.$....#####.#####......
#####.a@.....<.......###
#.#######..##.#..### #.#
#.......#.#.>... #.#
#.....#.#.#.####
#.###########.#.#
#.#...........#.#
#.##.##########.# #.# #.#
#.# #.#


You could see a worker ant.

Vanquished Creatures
  Edmund (D:4)
  A water moccasin (D:6)
  A sky beast (D:5)
  A phantom (D:4)
  An ogre (D:6)
  2 centaurs (D:6)
  A bullfrog (D:5)
  A bullfrog zombie (D:6)
  2 centaur zombies
  2 crimson imps (D:5)
  3 hounds
  2 orc priests
  2 worker ants
  An iguana (D:6)
  A killer bee zombie (D:4)
  10 adders
  An adder zombie (D:6)
  2 adder skeletons
  3 worms (D:2)
  2 dart slugs (D:1)
  3 leopard geckos
  5 orcs
  3 ball pythons
  3 bats (D:2)
  5 giant cockroaches
  10 goblins
  6 hobgoblins
  9 kobolds
  4 quokkas
  2 frilled lizards
  A jackal skeleton (D:5)
  13 rats
104 creatures vanquished.

Notes
Turn   | Place    | Note
-------+----------+-------------------------------------------
     0 | D:1      | letownia2 the Gargoyle Wizard began the quest for the Orb.
     0 | D:1      | Reached XP level 1. HP: 10/10 MP: 4/4
   415 | D:2      | Reached XP level 2. HP: 15/15 MP: 0/6
   867 | D:4      | Reached XP level 3. HP: 19/19 MP: 2/7
   935 | D:4      | Learned a level 3 spell: Mephitic Cloud
  1069 | D:4      | Noticed Edmund
  1411 | D:4      | Found a radiant altar of Vehumet.
  1450 | D:4      | Reached skill level 1 in Air Magic
  1450 | D:4      | Reached skill level 1 in Poison Magic
  1450 | D:4      | Reached XP level 4. HP: 12/24 MP: 0/8
  1485 | D:4      | Learned a level 3 spell: Conjure Flame
  1488 | D:4      | Learned a level 2 spell: Blink
  1559 | D:4      | Noticed a phantom
  1631 | D:4      | Killed a phantom
  1631 | D:4      | Reached skill level 1 in Translocations
  1631 | D:4      | Reached skill level 1 in Fire Magic
  1631 | D:4      | Reached XP level 5. HP: 19/28 MP: 0/9
  1878 | D:4      | Reached XP level 6. HP: 15/32 MP: 0/10
  2043 | D:4      | Killed Edmund
  2115 | D:5      | Entered Level 5 of the Dungeon
  2352 | D:5      | Found a staircase to the Ecumenical Temple.
  2359 | Temple   | Entered the Ecumenical Temple
  2463 | Temple   | Became a worshipper of Gozag Ym Sagoz the Greedy
  2551 | D:5      | Reached skill level 1 in Fighting
  2551 | D:5      | Reached XP level 7. HP: 38/38 MP: 3/12
  2578 | D:5      | Got a pitted leather armour
  2589 | D:5      | Identified the cursed +0 leather armour "Kazerimn" {Str+6} (You found it on level 5 of the Dungeon)
  2825 | D:5      | Reached skill level 4 in Spellcasting
  3963 | D:1      | Reached skill level 5 in Spellcasting
  4486 | D:6      | Reached XP level 8. HP: 38/44 MP: 1/16
  4642 | D:6      | Reached skill level 6 in Spellcasting
  4996 | D:6      | Reached skill level 7 in Spellcasting
  5158 | D:6      | Reached skill level 1 in Evocations
  5160 | D:6      | Slain by a worker ant

Skill      XL: |  1  2  3  4  5  6  7  8 |
---------------+-------------------------+-----
Conjurations   | 3 4 |  4.2
Air Magic      | 1 2 |  2.2
Poison Magic   | 1 2 |  2.8
Translocations | 1 |  1.4
Fire Magic     | 1 2 |  2.5
Fighting       | 1 2 |  2.1
Spellcasting   | 5 7 |  7.1
Evocations     | 1 |  1.0
Dodging        | |  1.5
Stealth        | |  2.1
Summonings     | |  0.8

Action                   |  1- 3 |  4- 6 |  7- 9 || total
-------------------------+-------+-------+-------++-------
Melee: Unarmed           |    27 |       |       ||    27
       Mace              |     7 |     5 |       ||    12
       Falchion          |       |    28 |    11 ||    39
       Flail             |       |     5 |    43 ||    48
 Cast: Magic Dart        |    67 |    52 |   174 ||   293
       Mephitic Cloud    |     1 |     4 |     3 ||     8
       Conjure Flame     |       |       |     3 ||     3
  Use: Scroll            |       |       |     1 ||     1
 Stab: Confused          |       |     2 |       ||     2
  Eat: Chunk             |       |     5 |       ||     5
       Fruit             |       |       |     2 ||     2
       Bread ration      |       |       |     1 ||     1
       Meat ration       |       |       |     1 ||     1
Armor: Robe              |     6 |       |       ||     6
       Leather armour    |    10 |    10 |    43 ||    63
Dodge: Dodged            |    45 |    18 |    68 ||   131
       Rpst.: Falchion   |       |     2 |     4 ||     6
